 Dungeon Crawl Stone Soup version 0.30.1-11-g7821555f0a (webtiles) character file.

Game seed: 10969197658276152892

10 caec the Ruffian (level 2, -1/23 HPs)
             Began as a Draconian Transmuter on Jan 4, 2024.
             Slain by a dart slug (2 damage)
             ... on level 1 of the Dungeon on Jan 5, 2024.
             The game lasted 00:00:48 (66 turns).

caec the Ruffian (Draconian Transmuter)               Turns: 66, Time: 00:00:49

Health: -1/23      AC:  4    Str: 12    XL:     2   Next: 10%
Magic:  3/5        EV: 12    Int: 13    God:
Gold:   0          SH:  0    Dex: 11    Spells: 4/5 levels left

rFire   . .          .
                       - Unarmed
rCold   . . .        (no shield)
rNeg    . . .        (body armour unavailable)
rPois   .            (helmet currently unavailable)
rElec   .            (no cloak)
rCorr   .            (no gloves)
SInv    .            (boots currently unavailable)
Will    .....        (no amulet)
Stlth   +            (no ring)
HPRegen 0.23/turn    (no ring)
MPRegen 0.09/turn

%: no passive effects
@: appendages (expiring)
A: horns 2, talons 2, AC +4, unfitting armour, cold-blooded
a: End Transformation


You were on level 1 of the Dungeon.
You had temporarily grown beastly horns and talons.
You visited 1 branch of the dungeon, and saw 1 of its levels.

Inventory:

Potions
 a - a potion of lignification


   Skills:
 + Level 1.1 Fighting
 + Level 2.0 Dodging
 + Level 3.3 Unarmed Combat
 + Level 2.0 Spellcasting
 + Level 2.1 Transmutations


You had 4 spell levels left.
You knew the following spells:

 Your Spells              Type           Power      Damage    Failure   Level
a - Beastly Appendage     Tmut           12%        N/A       11%         1

Your spell library contained the following spells:

 Spells                   Type           Power      Damage    Failure   Level
 Wereblood                Tmut           6%         N/A       16%         2
 Spider Form              Tmut/Pois      4%         N/A       45%         3
 Ice Form                 Ice/Tmut       4%         N/A       86%         4


Dungeon Overview and Level Annotations

Branches:
Dungeon (1/15)

Altars:


Innate Abilities, Weirdness & Mutations

You have temporarily grown beastly horns and talons.
Your plain brown scales are hard. (AC +4)
You cannot fit into any form of body armour.
You are cold-blooded and may be slowed by cold attacks.


Message History

The dart slug launches a dart at you. The slug dart misses you.
The jackal attacks as you move away! The jackal barely misses you.
The jackal bites you.
* * * LOW HITPOINT WARNING * * *
There is a stone staircase leading down here.
The jackal bites you but does no damage.
The jackal attacks as you move away! The jackal barely misses you. x2
Casting: Beastly Appendage (safe; 11% risk of failure)
Confirm with . or Enter, or press ? or * to list all spells.
You grow a pair of large bovine horns.
Your feet morph into talons.
The jackal closely misses you.
You barely miss the jackal. The jackal closely misses you.
You barely miss the jackal. Your kick misses the jackal.
Your tail-slap misses the jackal.
The jackal closely misses you.
You hit the jackal but do no damage. The jackal barely misses you. x2
You miss the jackal. Your kick misses the jackal. You headbutt the jackal.
You kill the jackal!
You hit the jackal.
You kill the jackal!
Your transformation is almost over.
You have reached level 2!
You hit the quokka. Your headbutt misses the quokka.
The quokka is lightly wounded.
The quokka bites you.
* * * LOW HITPOINT WARNING * * *
You hit the quokka.
You kill the quokka!
You hit the rat but do no damage. Your kick misses the rat.
You headbutt the rat.
You kill the rat!
The dart slug launches a dart at you. The slug dart hits you.
* * * LOW HITPOINT WARNING * * *
Things that are here:
a rat corpse; a quokka corpse You hit the dart slug.
The dart slug is heavily wounded.
The dart slug bites you.
You die...

#. ... .:).. #.
#.#...###
..###.##h)......
........##...###
........# ###
.....##>## ....
##.## ..#
##.#########. .
#.w@........
#.w#########
##'## ###...###
#.......###
#...........##
#.....#+#.....##
....## ###....#
..## ###.<#


You could see 2 dart slugs.

Vanquished Creatures
  An endoplasm (D:1)
  4 jackals (D:1)
  A quokka (D:1)
  A kobold (D:1)
  2 rats (D:1)
9 creatures vanquished.

Notes
Turn   | Place    | Note
-------+----------+-------------------------------------------
     0 | D:1      | caec the Draconian Transmuter began the quest for the Orb.
     0 | D:1      | Reached XP level 1. HP: 16/16 MP: 3/3
    62 | D:1      | Reached XP level 2. HP: 6/23 MP: 3/5
    65 | D:1      | HP: 1/23 [dart slug/slug dart (5)]
    66 | D:1      | Slain by a dart slug

Illustrated notes

Levels and vault maps discovered:
D:1:      evilmike_arrival_crescent, layout_loops_ring,
          nicolae_ecumenical_lake_church, chequers_serial_rivers_large_a

Skill      XL: |  1 |
---------------+----+-----
Dodging        | 2 |  2.0
Fighting       | |  1.1
Unarmed Combat | |  3.3
Spellcasting   | |  2.0
Transmutations | |  2.1

Action                     || total
---------------------------++-------
  Melee: Unarmed           ||    22
         Kick              ||     2
         Headbutt          ||     2
         Tailslap          ||     1
         Punch             ||     1
   Cast: Beastly Appendage ||     3
   Stab: Sleeping          ||     1
 Armour: Skin              ||     8
  Dodge: Dodged            ||    15
